 Dungeon Crawl Stone Soup version 0.13.0-9-gbc74161 (webtiles) character file.

6498 4tharraofdagon the Cleaver (level 10, 0/63 HPs)
             Began as a Gargoyle Berserker on Oct 18, 2013.
             Was a Priest of Trog.
             Slain by a skeletal warrior
             ... wielding a +0,+0 flail
              (8 damage)
             ... on Level 13 of the Dungeon.
             The game lasted 00:14:23 (2472 turns).

4tharraofdagon the Cleaver (Gargoyle Berserker)     Turns: 2472, Time: 00:14:23

HP   0/63        AC 20     Str 23      XL: 10   Next: 99%
MP  18/18        EV  6     Int  9      God: Trog [***...]
Gold 65          SH  0     Dex  9      Spells:  0 memorised,  9 levels left

Res.Fire  : + . .   See Invis. : .   H - +1,+3 orc war axe
Res.Cold  : . . .   Warding    : .   n - +0 orc plate armour
Life Prot.: + . .   Conserve   : .   (no shield)
Res.Poison: +       Res.Corr.  : .   (helmet restricted)
Res.Elec. : +       Clarity    : .   (no cloak)
Sust.Abil.: . .     Spirit.Shd : .   (no gloves)
Res.Mut.  : .       Stasis     : .   (no boots)
Res.Rott. : +       Flight     : .   (no amulet)
Saprovore : . . .                    p - ring of poison resistance
                                     j - ring of protection from fire

@: regenerating (expiring), exhausted, slowed, very slow, very resistant to
hostile enchantments, extremely unstealthy
A: fangs 1, horns 1, talons 2, blink 1, herbivore 1, life protection 1,
electricity resistance, slow metabolism 1, unbreathing, petrification
resistance, AC +7
a: Blink, Burn Spellbooks, Berserk, Trog's Hand, Renounce Religion


You were on level 13 of the Dungeon.
You worshipped Trog.
Trog was most pleased with you.
You were not hungry.

You visited 1 branch of the dungeon, and saw 13 of its levels.

You collected 210 gold pieces.
You spent 165 gold pieces at shops.

Inventory:

Hand weapons
 a - a +0,+0 hand axe {=f}
 d - a +1,+1 dwarven hand axe
 m - a -1,-1 orcish hand axe (quivered)
 D - a +3,+3 dwarven morningstar
 H - a +1,+3 orcish war axe (weapon)
Missiles
 K - 2 javelins
Armour
 b - a +0 animal skin
 k - a +1 orcish scale mail
 n - a +0 orcish plate armour (worn)
Comestibles
 c - 3 bread rations
 f - 3 meat rations
 u - a sausage
Scrolls
 e - a scroll of curse weapon {unknown}
 g - 3 scrolls of recharging {unknown}
 h - 3 scrolls of teleportation
 i - 2 scrolls of remove curse {unknown}
 s - a scroll of fog {unknown}
 t - a scroll of enchant weapon II
 w - 5 scrolls of identify
 y - a scroll of enchant weapon I {unknown}
 B - a scroll of curse jewellery {unknown}
 E - a scroll of torment {unknown}
Jewellery
 j - a ring of protection from fire (left hand)
 p - a ring of poison resistance (right hand)
Potions
 o - a potion of poison
 q - 4 potions of curing
 v - 2 potions of confusion
 A - a potion of might
 G - a potion of strong poison {unknown}
 I - a potion of invisibility {unknown}
Books
 l - a book of Fire

   Spells                             Type                      Level
   Fire Brand                         Charms/Fire                  2
   Ignite Poison                      Fire/Transmutation           5
   Fireball                           Conjuration/Fire             5
   Bolt of Fire                       Conjuration/Fire             6
   Delayed Fireball                   Conjuration/Fire             7
   Ring of Flames                     Charms/Fire                  7
   Trog disapproves of the use of such an item.
Magical staves
 x - an uncursed staff of earth {unknown}


   Skills:
 + Level 9.2 Fighting
 * Level 10.3 Axes
 + Level 8.5 Armour
 - Level 1.5 Dodging
 + Level 5.4 Evocations


You had 9 spell levels left.
You didn't know any spells.

Dungeon Overview and Level Annotations

Branches:
Dungeon (13/27)
 Temple: D:4-7          Orc: D:6-11        Lair: D:8-13

Altars:
Elyvilon

Shops:
D:5 +   D:6 ?   D:12 *

Annotations:
D:13 Gastronok


Innate Abilities, Weirdness & Mutations

You are resistant to torment.
You are immune to poison.
Your stone body is very resilient (AC +7).
You have very sharp teeth.
You have razor-sharp toenails.
You resist negative energy.
You are resistant to electric shocks.
You have a slow metabolism.
You can survive without breathing.
You are immune to petrification.
You have a pair of small horns on your head.
You can translocate small distances at will.
You digest meat inefficiently.


Message History

You hit the skeletal warrior but do no damage.
The skeletal warrior is severely damaged.
The skeletal warrior hits you with a flail!
* * * LOW HITPOINT WARNING * * *
Unknown command.
You hit the skeletal warrior but do no damage.
You bite the skeletal warrior.
The skeletal warrior is almost destroyed.
You are no longer berserk.
You are exhausted.
You feel yourself slow down.
The skeletal warrior hits you but does no damage.
Drink which item? (? for menu, Esc to quit)
You feel extremely strange. A pair of horns grows on your head!
You hunger for vegetation.
You feel jittery.
It was a potion of mutation.
Your skin is crawling a little less now.
The skeletal warrior hits you with a flail!
You die...

#.......# #...#
#......)# #...#
#.....[.# #...#
####.......# #...#######
..)((.(....# #.........#
#######.#### ###.#####.#
#.# #<# #.# ###z#### .
#######.######..@...##.#
.........(zj...z.(.(##.#
#######)######))(...##.#
# #.# #......##.# # #.#
#...(..##.# # #.#
#......##.#### #.#
#..[.........# ...
......###......# #.#
####..# #......#


You could see Gastronok and 3 skeletal warriors.

Vanquished Creatures
  Harold (D:13)
  Urug (D:12)
  Psyche (D:13)
  The ghost of Piginabag the Ducker, an average MfSk (D:6)
  2 two-headed ogres
  A griffon skeleton (D:10)
  2 wraiths
  13 yaks
  A necrophage (D:11)
  4 orc warriors
  2 sky beasts (D:6)
  3 centaurs
  An ogre (D:8)
  Sigmund (D:6)
  A cyclops skeleton (D:12)
  5 killer bees (D:11)
  A hippogriff skeleton (D:10)
  A crimson imp (D:13)
  A centaur zombie (D:10)
  A giant frog zombie (D:11)
  2 jellies
  A quasit (D:5)
  A goliath beetle (D:6)
  A two-headed ogre zombie (D:13)
  2 hounds
  A worker ant (D:6)
  2 iguanas
  Ijyb (D:5)
  2 big kobold skeletons
  A hound skeleton (D:3)
  5 adders
  3 giant mites
  A worm (D:6)
  2 giant geckos (D:6)
  13 orcs
  A giant cockroach (D:3)
  5 goblins
  4 hobgoblins
  7 jackals
  4 kobolds
  A giant newt (D:3)
  A hobgoblin skeleton (D:5)
  2 quokkas
  3 rats
110 creatures vanquished.

Notes
Turn   | Place    | Note
--------------------------------------------------------------
     0 | D:1      | 4tharraofdagon, the Gargoyle Berserker, began the quest for the Orb.
     0 | D:1      | Reached XP level 1. HP: 14/14 MP: 0/0
   115 | D:3      | Reached XP level 2. HP: 14/19 MP: 1/1
   259 | D:4      | You fall through a shaft!
   259 | D:5      | Entered Level 5 of the Dungeon
   259 | D:5      | Noticed Ijyb
   259 | D:5      | Noticed a centaur
   267 | D:5      | Killed a centaur
   267 | D:5      | Reached skill level 4 in Fighting
   267 | D:5      | Reached XP level 3. HP: 15/24 MP: 2/2
   267 | D:5      | Reached XP level 4. HP: 17/29 MP: 3/3
   268 | D:5      | Killed Ijyb
   268 | D:5      | Reached XP level 5. HP: 19/33 MP: 4/4
   417 | D:6      | Noticed an orc warrior
   430 | D:6      | Killed an orc warrior
   430 | D:6      | Reached XP level 6. HP: 3/39 MP: 5/5
   515 | D:6      | Acquired Trog's second power
   555 | D:6      | Noticed Piginabag's ghost (average MfSk)
   572 | D:6      | Killed Piginabag's ghost
   572 | D:6      | Reached skill level 5 in Fighting
   572 | D:6      | Reached skill level 5 in Axes
   572 | D:6      | Reached XP level 7. HP: 43/44 MP: 6/6
   632 | D:5      | Found Treutugi's Book Emporium.
   742 | D:6      | Found Zyusoumy's Magic Scroll Shoppe.
   748 | D:6      | Bought a scroll of teleportation for 30 gold pieces
   748 | D:6      | Bought a scroll of enchant weapon II for 55 gold pieces
   748 | D:6      | Bought a scroll of identify for 20 gold pieces
   789 | D:6      | Noticed an orc warrior
   799 | D:6      | Killed an orc warrior
   862 | D:6      | Reached skill level 6 in Axes
   951 | D:6      | Noticed Sigmund
   963 | D:6      | Killed Sigmund
   963 | D:6      | Reached skill level 5 in Armour
   963 | D:6      | Reached XP level 8. HP: 49/49 MP: 7/7
  1036 | D:6      | Noticed a sky beast
  1078 | D:6      | Killed a sky beast
  1247 | D:7      | Found a white marble altar of Elyvilon.
  1429 | D:10     | Entered Level 10 of the Dungeon
  1437 | D:10     | Reached skill level 7 in Axes
  1511 | D:10     | Noticed a two-headed ogre
  1516 | D:10     | Killed a two-headed ogre
  1516 | D:10     | Reached skill level 1 in Evocations
  1518 | D:10     | Reached XP level 9. HP: 55/55 MP: 7/10
  1702 | D:11     | Reached skill level 8 in Axes
  1961 | D:12     | Found Frukhom's Assorted Antiques.
  1976 | D:12     | Bought a blue potion for 30 gold pieces
  1976 | D:12     | Bought a murky green potion for 30 gold pieces
  2045 | D:12     | Reached skill level 9 in Axes
  2045 | D:12     | Reached XP level 10. HP: 62/62 MP: 15/15
  2114 | D:12     | Noticed Urug
  2137 | D:12     | Killed Urug
  2357 | D:13     | Noticed Harold
  2358 | D:13     | Noticed Gastronok
  2365 | D:13     | Noticed Psyche
  2370 | D:13     | Reached skill level 5 in Evocations
  2373 | D:13     | Reached skill level 10 in Axes
  2377 | D:13     | Killed Psyche
  2377 | D:13     | Killed Harold
  2413 | D:13     | Noticed a skeletal warrior
  2417 | D:13     | Noticed a skeletal warrior
  2465 | D:13     | Noticed a skeletal warrior
  2472 | D:13     | Gained mutation: You have a pair of small horns on your head. [potion of mutation]
  2472 | D:13     | Gained mutation: You digest meat inefficiently. [potion of mutation]
  2472 | D:13     | Gained mutation: You can translocate small distances at will. [potion of mutation]
  2472 | D:13     | Slain by a skeletal warrior

Action                   |  1- 3 |  4- 6 |  7- 9 | 10-12 || total
-------------------------+-------+-------+-------+-------++-------
Melee: Hand axe          |    23 |    38 |   214 |    28 ||   303
       War axe           |       |       |       |    81 ||    81
Invok: Berserk           |     1 |     3 |    10 |     4 ||    18
       Trog's Hand       |       |     1 |     2 |     8 ||    11
  Use: Scroll            |       |       |     3 |       ||     3
       Potion            |       |       |       |     3 ||     3
